 Dungeon Crawl Stone Soup version 0.30-a0-341-g682706514a (webtiles) character file.

Game seed: 14877097527003567704

53 sanka the Caller (level 3, 27/27 HPs)
             Began as a Demigod Summoner on Nov 4, 2022.
             Quit the game on level 6 of the Dungeon.
             The game lasted 00:04:01 (2395 turns).

sanka the Caller (Demigod Summoner)                 Turns: 2395, Time: 00:04:02

Health: 27/27      AC:  2    Str:  9    XL:     3   Next: 41%
Magic:  8/8        EV: 12    Int: 27    God:
Gold:   125        SH:  0    Dex: 14    Spells: 2/6 levels left

rFire   . . .      SeeInvis .    n - +0 scimitar
rCold   . . .      Faith    .    h - orb {light}
rNeg    . . .      Spirit   .    a - +0 robe
rPois   .          Reflect  .    (no helmet)
rElec   .          Harm     .    (no cloak)
rCorr   .          Rampage  .    (no gloves)
Will    .....                    (no boots)
Stlth   +.........               (no amulet)
HPRegen 0.24/turn                (no ring)
MPRegen 0.11/turn                l - +6 ring of intelligence

@: glowing
A: high MP 1, forlorn, divine attributes
a: no special abilities


You were on level 6 of the Dungeon.
You visited 1 branch of the dungeon, and saw 4 of its levels.

You collected 125 gold pieces.


Innate Abilities, Weirdness & Mutations

You have an increased reservoir of magic. (+10% MP)
You shall have no god before yourself.
Your divine heritage dramatically boosts your attributes as you level up.


   Skills:
 - Level 0.3 Fighting
 - Level 1.9 Dodging
 - Level 1.7 Stealth
 - Level 2.0 Spellcasting
 - Level 4.0 Summonings
 + Level 2.1 Ice Magic


You had 2 spell levels left.
You knew the following spells:

 Your Spells              Type           Power      Damage    Failure   Level
x - Call Imp              Summ           24%        N/A       2%          2
y - Freeze                Ice            56%        1d7       4%          1
z - Summon Small Mammal   Summ           96%        N/A       1%          1

Your spell library contained the following spells:

 Spells                   Type           Power      Damage    Failure   Level
 Sublimation of Blood     Necr           2%         N/A       14%         2
 Wereblood                Tmut           2%         N/A       14%         2
 Call Canine Familiar     Summ           24%        N/A       5%          3
 Frozen Ramparts          Ice            28%        1d5       12%         3
 Ozocubu's Armour         Ice            14%        N/A       12%         3
 Summon Guardian Golem    Hex/Summ       13%        N/A       13%         3
 Hailstorm                Conj/Ice       8%         3d4       19%         3
 Summon Lightning Spire   Summ/Air       13%        N/A       38%         4
 Ozocubu's Refrigeration  Ice            7%         4d9       100%        7
 Summon Hydra             Summ           12%        N/A       100%        7

Inventory:

Hand Weapons
 i - a +0 whip
 m - a +0 glaive
 n - a +0 scimitar (weapon)
Armour
 a - a +0 robe (worn)
 h - an orb of light (worn)
 j - a +0 pair of gloves
Jewellery
 l - a +6 ring of intelligence (right hand)
Scrolls
 d - a scroll of brand weapon {unknown}
 e - 2 scrolls of noise {unknown}
 f - a scroll of butterflies {unknown}
 o - 2 scrolls of identify {unknown}
 p - a scroll of teleportation {unknown}
Potions
 b - a potion of magic
 c - 2 potions of heal wounds {unknown}
 g - 2 potions of invisibility {unknown}
 k - a potion of cancellation {unknown}
 q - a potion of resistance {unknown}

Dungeon Overview and Level Annotations

Branches:
Dungeon (6/15)             Temple (0/1) D:6

..▒▒ ▒.> ....▒...
▒..▒... ▒.....▒▒
▒....▒.▒
▒▒▒▒▒......▒
▒..........▒...
▒.▒.▒..p.......
▒.▒.▒▒..▒.▒.... .
▒.▒.....▒ ▒ ▒
..▒▒▒▒▒▒.▒..▒▒.▒
.........▒..▒▒.▒.
.................▒
..................
........▒▒▒▒▒...▒▒
..>▒▒▒▒.▒ ▒.▒▒


There were no monsters in sight!


Message History

The bat misses you. The bat hits you but does no damage.
The bat barely misses you.
You freeze the bat.
You kill the bat!
You can't see any susceptible monsters within range! (Use Z to cast anyway.)
You see here a bat corpse.
Found 12 gold pieces.
You now have 106 gold pieces (gained 12).
Found a book of Blood.
Found a viscous ruby potion.
You pick up a book of Blood and begin reading...
You add the spells Sublimation of Blood, Wereblood and Summon Hydra to your library.
There are no items here.
Found an escape hatch in the floor.
q - a viscous ruby potion
Found a leather armour.
There is an escape hatch in the floor here.
You see here a +0 leather armour.
Found a gold piece.
Found 18 gold pieces.
You now have 124 gold pieces (gained 18).
Found a stone staircase leading down.
You now have 125 gold pieces (gained 1).
A sourceless malevolence fills the Dungeon...
You fall into a shaft and drop 3 floors!
The shaft crumbles and collapses.
Found a stone staircase leading down.
Found a staircase to the Ecumenical Temple.
Are you sure you want to abandon this character and quit the game? (Confirm with "yes".)

Action                   || total
-------------------------++-------
Melee: Unarmed           ||    47
       Punch             ||     1
       Whip              ||    15
       Scimitar          ||     3
 Cast: Summon Small Mamm ||    18
       Freeze            ||    23
       Call Imp          ||     2
 Stab: Sleeping          ||     2
       Distracted        ||     1
Armor: Robe              ||    31
Dodge: Dodged            ||    58

Levels and vault maps discovered:
D:1:      ebering_trefoil_3fold, layout_basic
D:2:      layout_loops_ring, basic_altar, serial_park_tiny_pond
D:3:      layout_basic, minmay_ogre_servants, uniq_robin
D:6:      layout_loops_cross, nicolae_yredelemnul_corpse_copse,
          mainiacjoe_overflow_big_doors, minmay_temple_entry_arrows

Notes
Turn   | Place    | Note
-------+----------+-------------------------------------------
     0 | D:1      | sanka the Demigod Summoner began the quest for the Orb.
     0 | D:1      | Reached XP level 1. HP: 14/14 MP: 5/5
   492 | D:1      | Reached skill level 2 in Spellcasting
   713 | D:1      | Reached skill level 4 in Summonings
   713 | D:1      | Reached XP level 2. HP: 15/20 MP: 5/7
   771 | D:1      | Learned a level 2 spell: Call Imp
  1174 | D:2      | Learned a level 1 spell: Freeze
  1224 | D:2      | Reached skill level 1 in Ice Magic
  1270 | D:2      | Reached XP level 3. HP: 21/27 MP: 4/8
  1861 | D:2      | Reached skill level 2 in Ice Magic
  2394 | D:6      | Found a staircase to the Ecumenical Temple.
  2395 | D:6      | Quit the game

Vanquished Creatures
  2 worms (D:2)
  A dart slug (D:2)
  A ball python (D:1)
  4 bats
  An endoplasm (D:2)
  A goblin (D:2)
  2 hobgoblins
  2 frilled lizards (D:3)
  A kobold (D:2)
  A rat (D:3)
16 creatures vanquished.

Vanquished Creatures (collateral kills)
  2 adders (D:2)
  2 bats
  2 endoplasms (D:1)
  A goblin (D:1)
  A quokka (D:1)
  3 kobolds (D:1)
  2 rats (D:1)
13 creatures vanquished.

Grand Total: 29 creatures vanquished
